 Dungeon Crawl Stone Soup version 0.30-a0-760-g5a9884bb7c (webtiles) character file.

Game seed: 4939232705132162314

1214 bande the Chopper (level 8, -4/51 HPs)
             Began as a Gargoyle Fighter on Feb 11, 2023.
             Slain by a slime creature (13 damage)
             ... on level 5 of the Dungeon.
             The game lasted 00:09:29 (4648 turns).

bande the Chopper (Gargoyle Fighter)                Turns: 4648, Time: 00:09:30

Health: -4/51      AC: 14    Str: 21    XL:     8   Next: 46%
Magic:  8/8        EV:  9    Int:  8    God:
Gold:   309        SH:  4    Dex: 11    Spells: 7/7 levels left

rFire   . . .      SeeInvis .    a - +1 war axe (freeze)
rCold   . . .      Faith    .    c - +0 buckler
rNeg    + . .      Spirit   .    b - +0 scale mail
rPois   ∞          Reflect  .    (no helmet)
rElec   +          Harm     .    (no cloak)
rCorr   .          Rampage  .    (no gloves)
Will    .....                    m - +0 pair of boots Stlth
                                 (no amulet)
HPRegen 0.28/turn                (no ring)
MPRegen 0.11/turn                (no ring)

@: no status effects
A: sickness immunity, AC +5, negative energy resistance 1, electricity
resistance, torment resistance 1, petrification resistance
a: no special abilities


You were on level 5 of the Dungeon.
You visited 1 branch of the dungeon, and saw 5 of its levels.
You also visited: Sewer.

You collected 309 gold pieces.

Inventory:

Hand Weapons
 a - a +1 war axe of freezing (weapon)
 h - a +0 flail
Missiles
 y - a throwing net (quivered)
Armour
 b - a +0 scale mail (worn)
 c - a +0 buckler (worn)
 m - a +0 pair of boots (worn)
Jewellery
 f - a ring of fire
 g - a ring of fire
Wands
 l - a wand of flame (10)
 p - a wand of polymorph (4)
Scrolls
 e - a scroll of silence
 o - a scroll of brand weapon
 r - 2 scrolls of teleportation
 t - a scroll of poison
Potions
 d - 2 potions of might
 i - a potion of resistance
 j - a potion of heal wounds
 k - 3 potions of mutation
 n - 2 potions of curing
 q - a potion of flight {unknown}
 u - a potion of ambrosia {unknown}
 v - a potion of lignification {unknown}
 w - a potion of haste {unknown}
 x - a potion of magic {unknown}


   Skills:
 + Level 5.7 Fighting
 + Level 7.0 Axes
 + Level 5.6 Armour
 + Level 4.2 Shields


You had 7 spell levels left.
You didn't know any spells.
Your spell library contained the following spells:

 Spells                   Type           Power      Damage    Failure   Level
 Call Canine Familiar     Summ           0%         N/A       99%         3
 Gell's Gravitas          Tloc           0%         N/A       99%         3
 Portal Projectile        Hex/Tloc       0%         N/A       99%         3
 Teleport Other           Tloc           0%         N/A       99%         3
 Leda's Liquefaction      Hex/Erth       0%         N/A       100%        4
 Dispersal                Tloc           0%         N/A       100%        6


Dungeon Overview and Level Annotations

Branches:
Dungeon (5/15)              Sewer (visited)
 Temple: D:4-7

Altars:
Cheibriados
Hepliaklqana
Kikubaaqudgha
Zin

Shops:
D:5 *


Innate Abilities, Weirdness & Mutations

You are immune to sickness and miasma.
Your stone body is resilient. (AC +5)
You are immune to poison.
You resist negative energy. (rN+)
You are resistant to electric shocks. (rElec)
You are resistant to unholy torment.
You are immune to petrification.


Message History

An endoplasm comes into view.
Found a bat skeleton.
The endoplasm quivers.
An endoplasm is nearby! 2 endoplasms, 4 jellies and 2 slime creatures come into view.
Found three hobgoblin skeletons, a goblin skeleton, a bat skeleton and a robe.
The jelly quivers.
The endoplasm quivers.
The jelly quivers.
The endoplasm quivers.
The slime creature quivers. x2
The slime creature hits the fungus!!
The fungus begins to die.
You barely miss the slime creature. The slime creature hits you!
You barely miss the slime creature. You barely miss the endoplasm.
You hit the jelly but do no damage.
Your hands burn!
You block the jelly's attack. The slime creature hits you.
You block the endoplasm's attack.
You slash the slime creature! You freeze the slime creature.
The slime creature is moderately wounded.
You slash the endoplasm! You freeze the endoplasm.
You kill the endoplasm!
You slash the jelly! You freeze the jelly.
Your hands burn!
The slime creature hits you! You block the jelly's attack.
The slime creature hits the fungus!
The fungus begins to die.
The jelly hits the fungus.
The fungus begins to die.
The fungus is splashed with acid.
The acid corrodes the fungus!
You are too injured to fight recklessly!
You are too injured to fight recklessly!
You are too injured to fight recklessly!
The slime creature jiggles.
You see here a +0 short sword.
There is an open door here.
The slime creature attacks as you move away!
The slime creature hits you!
* * * LOW HITPOINT WARNING * * *
The slime creature attacks as you move away!
The slime creature hits you.
* * * LOW HITPOINT WARNING * * *
The slime creature attacks as you move away!
The slime creature hits you but does no damage.
The slime creature attacks as you move away!
The slime creature hits you!
You die...

##..#....# ##JJJ...## ##'####'###
#####....# #.######## #.........#
.#..#....# ##J.'..|.# #.........#
.+..#....# ####J...###..........
.##'#....# #.......##...........
.........# #...J...##...........
#....########.......##...........
+....#.....##...J...##...........
#....#.....###..@..###....######.
#....#####.####...## #....#....'.
####....##..###'''## #....#....#.
...'....#...#......###....#....#.
...#....#...#....####....##....#.
..≈≈≈...##'##....#..'....+.....##
.≈≈≈~~...........#..#...>#......'
.≈≈∩.............#..#....#......#
.≈≈~~~...........##'#....#'######


You could see a slime creature, a jelly and an endoplasm.

Vanquished Creatures
  Sigmund (D:2)
  3 kobold brigands (D:5)
  A necrophage (D:5)
  4 scorpions
  A howler monkey (D:5)
  A hound (D:5)
  3 jellies
  Ijyb (D:4)
  2 iguanas (D:5)
  3 orc wizards (D:5)
  A hell rat (Sewer)
  6 adders
  2 river rats (Sewer)
  2 ufetubi
  3 worms
  4 dart slugs
  10 orcs
  9 ball pythons
  7 bats
  6 endoplasms
  13 giant cockroaches
  9 hobgoblins
  13 jackals
  6 quokkas
  2 frilled lizards
  8 goblins
  12 kobolds
  8 rats
  A bush (D:4)
142 creatures vanquished.

Vanquished Creatures (others)
  5 fungi (D:5)
  6 toadstools (D:5)
11 creatures vanquished.

Grand Total: 153 creatures vanquished

Notes
Turn   | Place    | Note
-------+----------+-------------------------------------------
     0 | D:1      | bande the Gargoyle Fighter began the quest for the Orb.
     0 | D:1      | Reached XP level 1. HP: 14/14 MP: 1/1
    19 | D:1      | Found a faded altar of an unknown god.
    73 | D:1      | Reached skill level 2 in Axes
   160 | D:1      | Reached XP level 2. HP: 19/19 MP: 2/2
   792 | D:1      | Reached XP level 3. HP: 24/24 MP: 3/3
  1293 | D:2      | Noticed Sigmund
  1321 | D:2      | Killed Sigmund
  1322 | D:2      | Reached skill level 3 in Axes
  1322 | D:2      | Reached XP level 4. HP: 3/30 MP: 4/4
  1322 | D:2      | Reached XP level 5. HP: 4/34 MP: 5/5
  1597 | D:2      | Reached skill level 4 in Axes
  1743 | D:2      | Found a snail-covered altar of Cheibriados.
  1939 | D:2      | Reached XP level 6. HP: 39/39 MP: 6/6
  2818 | D:4      | Noticed Ijyb
  2831 | D:4      | Killed Ijyb
  3075 | D:4      | Found a glowing silver altar of Zin.
  3076 | D:4      | Found a hazy altar of Hepliaklqana.
  3120 | D:4      | Found an ancient bone altar of Kikubaaqudgha.
  3322 | D:5      | Entered Level 5 of the Dungeon
  3352 | D:5      | Reached skill level 5 in Axes
  3352 | D:5      | Reached XP level 7. HP: 26/44 MP: 7/7
  3647 | D:5      | Found a glowing drain.
  3652 | Sewer    | Entered a sewer
  3902 | D:5      | Reached skill level 5 in Fighting
  4062 | D:5      | Reached skill level 5 in Armour
  4137 | D:5      | Reached skill level 6 in Axes
  4149 | D:5      | Reached XP level 8. HP: 40/49 MP: 8/8
  4183 | D:5      | Found Balaih's General Store.
  4616 | D:5      | Reached skill level 7 in Axes
  4628 | D:5      | Noticed a slime creature
  4628 | D:5      | Noticed a slime creature
  4648 | D:5      | Slain by a slime creature

Illustrated notes

Levels and vault maps discovered:
D:1:      dpeg_arrival_tiny_c, layout_basic,
          shapermc_ecumenical_altar_mp_highgroup,
          nicolae_concentric_dashed_squares_mild
D:2:      minmay_roachtagon, layout_basic, basic_altar, uniq_sigmund
D:3:      layout_basic
D:4:      layout_rooms, gammafunk_temple_overflow_forgotten, uniq_ijyb
D:5:      cheibrodos_fertilizer, layout_gridville, portal_sewer_entry_e,
          serial_shops, nicolae_shop_waterfront

Skill      XL: |  1  2  3  4  5  6  7  8 |
---------------+-------------------------+-----
Axes           | 2 3 4 5 6 7 |  7.0
Fighting       | 4 5 |  5.7
Armour         | 4 5 |  5.6
Shields        | 4 |  4.2

Action                     |  1- 3 |  4- 6 |  7- 9 || total
---------------------------+-------+-------+-------++-------
  Melee: War axe           |    97 |   181 |   163 ||   441
    Use: Scroll            |       |    12 |     5 ||    17
         Potion            |       |     1 |       ||     1
 Armour: Scale mail        |    49 |   111 |   106 ||   266
         Skin              |       |     5 |       ||     5
  Dodge: Dodged            |    42 |    73 |    81 ||   196
  Block: Buckler           |    15 |    22 |    35 ||    72

Table legend: (Time is in decaauts)
 A = Elapsed time spent in this place.
 B = Non-inter-level travel time spent in this place.
 C = Inter-level travel time spent in this place.
 D = Time resting spent in this place.
 E = Time spent auto-exploring this place.
 F = Levels seen in this place.
 G = Mean time per level.
                   A        B        C        D        E       F      G
               +--------+--------+--------+--------+--------+-----+--------+
         Total |   4806 |   4732 |     74 |    510 |   3099 |   6 |  801.0 |
       Dungeon |   4643 |   4569 |     74 |    510 |   2985 |   5 |  928.6 |
         Sewer |    163 |    163 |      0 |      0 |    113 |   1 |  163.0 |
               +--------+--------+--------+--------+--------+-----+--------+

Top non-repeatable levels by time:
     D:5: 1224 daAuts
     D:1: 1109 daAuts
     D:2: 936 daAuts
     D:3: 770 daAuts
     D:4: 602 daAuts
   Sewer: 163 daAuts
